[Event "32nd NATO Championship 2022"]
[Site "Tartu"]
[Date "2022.06.27"]
[Round "1.1"]
[White "Csizmadia, Csaba"]
[Black "Stein, Robert"]
[Result "0-1"]
[ECO "D94"]
[WhiteElo "1875"]
[BlackElo "2365"]
[Annotator "TA"]
[PlyCount "72"]
[EventDate "2022.06.27"]
[EventType "swiss"]
[EventCountry "EST"]
[SourceTitle "playchess.com"]
[Source "ChessBase"]
[SourceQuality "1"]
[TimeControl "5400+30"]

1. d4 Nf6 2. c4 c5 3. e3 g6 4. Nc3 Bg7 5. Nf3 O-O 6. Be2 cxd4 7. exd4 d5 8. h3 dxc4 9. Bxc4 Nc6 10. a3 Bf5 11. O-O Ne4 12. Be3 Rc8 13. Ba2 Nxc3 {[%emt 0:03:20] D94: Grünfeld: 4 Nf3 Bg7 5 e3.} 14. bxc3 Na5 15. Rc1 {[%emt 0:00:00] [#]} Qd6 $146 {[%emt 0:08:28] The position is equal.} ({Predecessor:} 15... Nc4 16. Qe2 Be6 17. Bg5 Re8 18. Rfe1 Qa5 19. Bxc4 Bxc4 20. Qd2 Bd5 21. c4 Qxd2 22. Nxd2 {½-½ (37) Ahlander,B (2390)-Haubro,M (2374) Gothenburg 2019}) 16. Qa4 Qa6 17. Rfd1 b5 {[%emt 0:05:52] Prevents c4.} 18. Qb4 Nc4 19. Bxc4 ({Of course not} 19. Qxe7 Nb2 20. Rd2 Bf6 $17) 19... Rxc4 20. Qb2 ({Don't go for} 20. Qxe7 $2 Bf6 21. Qb4 Rxb4 $19) 20... Rfc8 $36 {[%emt 0:03:34][%mdl 2048] Black is more active.} 21. Nd2 Ra4 22. Ra1 {[%emt 0:00:00] Black continues to play with concentration.} (22. Nb3 $15 Qc6 23. Re1 (23. Nc5 Rc4 $11)) 22... Qc6 $17 23. Rdc1 {[%emt 0:00:00] [#]} Be6 $1 {[%emt 0:01:59] Black is much more active.} 24. f3 Bd5 25. Kf2 a6 26. Nb3 (26. Bf4 $17) 26... Bxb3 $19 27. Qxb3 Rc4 28. Bd2 e5 29. dxe5 Bxe5 30. Rab1 (30. Kf1 $142) 30... Qd6 31. Rc2 {[%emt 0:00:00] [#]} (31. Rd1) 31... Bd4+ $1 {[%emt 0:01:21][%mdl 512] Black is clearly winning.} 32. Kf1 (32. cxd4 Rxc2) 32... Qh2 33. cxd4 Rxc2 34. Rb2 Qh1+ 35. Kf2 Qd1 {[%emt 0:00:21] ( -> ...Qxd2+)} 36. Rxc2 Rxc2 {[%emt 0:00:17] Weighted Error Value: White=0.84/Black=0.01 (flawless)} 0-1

[Event "32nd NATO Championship 2022"]
[Site "Tartu"]
[Date "2022.06.27"]
[Round "1.2"]
[White "Pedersen, Finn"]
[Black "Heran-Boily, Samuel"]
[Result "1-0"]
[ECO "D03"]
[WhiteElo "2300"]
[BlackElo "1871"]
[Annotator "TA"]
[PlyCount "164"]
[EventDate "2022.06.27"]
[EventType "swiss"]
[EventCountry "EST"]
[SourceTitle "playchess.com"]
[Source "ChessBase"]
[SourceQuality "1"]
[TimeControl "5400+30"]

1. Nf3 d5 2. d4 Nf6 3. Bg5 Ne4 4. Bf4 c5 5. c3 cxd4 6. cxd4 Qb6 7. Qc1 Nc6 8. e3 {[%emt 0:00:18] Black has an edge.} f6 9. h3 (9. Nc3 $15) 9... e5 $1 $17 10. dxe5 Bb4+ (10... g5 11. Bh2 $11) (10... fxe5 $142 11. Bxe5 Nxe5 12. Nxe5 Bb4+ 13. Nc3 O-O) 11. Nc3 {[%emt 0:00:38] Strongly threatening exf6.} Qa5 ({Black should play} 11... fxe5 $1 $17 12. Nxe5 O-O) 12. a3 Bxc3+ 13. bxc3 Nxc3 (13... fxe5 $11 14. Nxe5 (14. Bxe5 O-O $11) 14... O-O) 14. Qd2 $14 Ne4 (14... O-O $14) 15. Qxa5 $16 Nxa5 16. exf6 gxf6 17. Bb5+ Nc6 18. Nd2 Bd7 19. Nxe4 dxe4 20. O-O Rg8 21. Bc4 Rg7 22. Bd5 f5 (22... Bxh3 $16 23. Bxe4 Rd8) 23. Rab1 b6 24. Rfc1 {[%emt 0:02:46] White is more active.} Rc8 25. Kh2 Rg6 26. g4 $36 {[%emt 0:05:03][%mdl 2048] Keeping Black busy.} Rf6 $2 (26... Ne7 $16 27. gxf5 Bxf5 28. Rxc8+ Nxc8) 27. g5 $1 $18 Rg6 28. h4 $1 Ne7 29. h5 Rg7 $2 (29... Rxc1 $16 30. Rxc1 Nxd5 31. hxg6 hxg6) 30. Bb7 {[%emt 0:03:40] A strong pair of Bishops.} Rd8 31. Rc7 Rf7 (31... Be6 $142 32. Ba6 Rf7 33. Bb5+ (33. Rxa7 Nd5 $16) 33... Kf8) 32. Rd1 Be6 33. Rd6 (33. Rxd8+ $142 Kxd8 34. Ba6) 33... Rxd6 34. Bxd6 Nd5 (34... Ng8 35. Kg3 (35. Bc6+ Kd8 $16) 35... Rxc7 36. Bxc7 Ne7) 35. Bc6+ Kd8 36. Rxf7 Bxf7 {[%emt 0:00:10][%mdl 4096] Endgame KBB-KBN} 37. Kg3 (37. g6 hxg6 38. hxg6 Be6 $16) 37... Ne7 (37... a6 $142 38. g6 hxg6) 38. Bxe7+ Kxe7 {[%emt 0:00:05] KB-KB} 39. Kf4 Ke6 {[%emt 0:01:38] [#]} 40. Bb7 $2 (40. h6 $1 $18 a5 41. Bb7) 40... Bxh5 $11 41. Bc8+ Kd5 42. Kxf5 Bg6+ 43. Kf6 b5 44. Be6+ Kd6 45. Bf5 a5 $1 (45... Bxf5 46. Kxf5 Kd5 47. Kf6 $16) 46. Bxg6 hxg6 47. Kxg6 b4 48. axb4 axb4 {[%emt 0:00:40] K3P-KPP} 49. Kf6 {[%emt 0:01:46] aiming for g6.} (49. Kf5 b3 50. g6 Ke7 51. g7 Kf7 52. Kxe4 b2 53. Kf5 b1=Q+ 54. e4 Kxg7 55. f4 Qc2 56. Ke5 Qc5+ 57. Ke6 Qd4 58. Ke7 Qxe4+ 59. Kd6 Qxf4+ 60. Kc5 Kf6 61. Kc6 Ke6 62. Kb6 Qc4 63. Ka7 Kd6 64. Kb6 Qb3+ 65. Ka6 Kc6 66. Ka7 Qb7#) 49... b3 50. g6 {[%emt 0:00:04] Threatens to win with g7.} b2 51. g7 b1=Q 52. g8=Q {[%emt 0:00:06] Inhibits Qb3. KQ-KQ} Qb2+ 53. Kg5 Qxf2 {[%emt 0:00:53] ( -> ...Qg2+)} 54. Qd8+ Ke6 55. Qb6+ Ke7 56. Qb7+ Kd6 57. Qb4+ Kd7 58. Qd4+ Kc7 59. Qe5+ (59. Qxe4 $5 Qd2 60. Kf6 $16) 59... Kd7 60. Qd5+ Kc7 61. Qxe4 {[%emt 0:00:20] Intending Qf4+ and mate.} Qg3+ 62. Kf6 Qd6+ 63. Qe6 Qd3 64. Qe5+ Kd8 65. e4 {[%emt 0:06:36] And now Qe7+ would win.} (65. Qa5+ Ke8 $18) 65... Qf3+ $2 {[%emt 0:00:21][%mdl 8192] [#]} (65... Qa3 $11) 66. Qf5 $2 (66. Ke6 $1 $18 Qg4+ 67. Kf7) 66... Qc3+ 67. e5 {[%emt 0:01:27] Hoping for Qg5.} Qd4 $2 (67... Qc6+ $11 {and Black has nothing to worry.} 68. Qe6 Qf3+ 69. Kg6 Qd3+ 70. Kh6 Qd2+ 71. Kg7 Qd4) 68. Kf7 $2 (68. Qg5 $18) 68... Qa7+ 69. Kg6 {[%emt 0:01:16] White threatens Qf8+ and mate.} Qe7 {[%emt 0:00:18] Prevents Qf8+.} 70. Qf6 {[%emt 0:00:30] Threatening mate with e6.} Ke8 71. Qc6+ Kf8 $2 (71... Kd8 $11) 72. Qf3+ $2 (72. Qc8+ {mates} Qe8+ 73. Qxe8+ Kxe8 74. Kf6 Kd7 75. e6+ Ke8 76. e7 Kd7 77. Kf7) 72... Ke8 $1 73. Qf6 ({Much less strong is} 73. Qc6+ $6 Kd8 $16) 73... Kd7 74. Qf7 Kd8 75. e6 {[%emt 0:00:33] Qf6 would kill now.} Qe8 76. Kf6 Qh8+ 77. Kg5 Qe8 $2 {[%emt 0:00:57][%mdl 8192] Inhibits Qd7+.} (77... Qe5+ $11 78. Kh6 Qh8+ 79. Kg5 Qe5+ 80. Kh6 Qh8+ 81. Qh7 (81. Kg5 Qe5+ $11) 81... Qxh7+ 82. Kxh7 Ke8) 78. Kg6 Qe7 79. Qf6 Ke8 80. Qh8+ Qf8 81. Qxf8+ Kxf8 82. Kf6 Ke8 {[%emt 0:01:00] Weighted Error Value: White=0.25 (precise) /Black=0.36} 1-0

[Event "32nd NATO Championship 2022"]
[Site "Tartu"]
[Date "2022.06.27"]
[Round "1.3"]
[White "Graham, Frazer"]
[Black "Pavlidis, Anastasios"]
[Result "0-1"]
[ECO "C41"]
[WhiteElo "1864"]
[BlackElo "2296"]
[Annotator "TA"]
[PlyCount "74"]
[EventDate "2022.06.27"]
[EventType "swiss"]
[EventCountry "EST"]
[SourceTitle "playchess.com"]
[Source "ChessBase"]
[SourceQuality "1"]
[TimeControl "5400+30"]

1. e4 d6 2. d4 Nf6 3. Nc3 Nbd7 4. Nf3 e5 5. Bc4 Be7 6. O-O O-O 7. Bb3 {[%emt 0:04:00] 7.a4 is setting a new trend.} c6 8. a4 b6 (8... exd4 $11 {is more appropriate.} 9. Nxd4 (9. Qxd4 Nc5 $11) 9... Nc5) 9. Qe2 {[%emt 0:08:20] C41: Philidor Defence.} Qc7 10. Rd1 a6 11. Bg5 {[%emt 0:07:45] White is slightly better.} Rb8 {[%emt 0:04:35] [#]} 12. Nh4 $146 {[%emt 0:02:47] Black must now prevent Nf5.} ({Predecessor:} 12. h3 Re8 13. Qc4 Rf8 14. dxe5 dxe5 15. Bxf6 Nxf6 16. Nd5 Nxd5 17. exd5 Bc5 18. dxc6 Qxc6 19. Nxe5 {1-0 (55) Jirovsky,P (2325)-Hirn,O (2175) Germany 1996}) 12... exd4 13. Rxd4 (13. Nf5 $14 dxc3 14. Nxe7+ Kh8 15. bxc3) 13... Nc5 $15 14. Rad1 Bg4 15. Nf3 Rbd8 16. Bf4 Nh5 17. Be3 g6 18. R4d2 (18. h3 $5 Be6 19. Bxe6 Nxe6 20. R4d2 $11 (20. Qxa6 Ra8 $11)) 18... Nxb3 (18... b5 $5 ) 19. cxb3 b5 20. b4 Qc8 21. a5 (21. h3 $14 Bxf3 22. Qxf3) 21... Rde8 ({Black should try} 21... f5 $1 $15 22. h3 fxe4 23. hxg4 exf3 24. gxf3 Ng7) 22. Bh6 $11 Ng7 23. Qe3 f5 {[%emt 0:01:03] ...fxe4 is the strong threat.} 24. Bxg7 ({Much weaker is} 24. Qd4 Rf7 25. Bxg7 Bxf3 26. gxf3 Rxg7 $17) (24. Rxd6 $11 Bxd6 25. Rxd6 Bxf3 26. gxf3) 24... Kxg7 $15 25. h3 fxe4 26. hxg4 exf3 27. gxf3 d5 28. Kg2 Bd6 29. Qd3 Rf4 {[%emt 0:02:56][%cal Bf8f4,Bf4g4,Bg4e4,Be4b4][%mdl 32] [#] Threatens to win with ...Ref8.} 30. Ne4 $2 {[%emt 0:01:57][%mdl 8192] This costs White the game.} dxe4 31. Qxd6 exf3+ 32. Kh2 Qxg4 33. Qd7+ Kh6 {[%emt 0:00:18][%csl Gf3][%cal Rg4g2] [#]} 34. Qxg4 Rxg4 35. Rd4 Ree4 (35... Rg2+ $142 36. Kh3 Rxf2) 36. Rxe4 $19 Rxe4 37. Kg3 (37. Rd6 $142) 37... Rxb4 {[%emt 0:00:11] Weighted Error Value: White=0.49/Black=0.25 (precise)} 0-1

[Event "32nd NATO Championship 2022"]
[Site "Tartu"]
[Date "2022.06.27"]
[Round "1.4"]
[White "Wang, Eigen"]
[Black "Korge, Kersti"]
[Result "1-0"]
[ECO "A57"]
[WhiteElo "2269"]
[BlackElo "1864"]
[Annotator "TA"]
[PlyCount "59"]
[EventDate "2022.06.27"]
[EventType "swiss"]
[EventCountry "EST"]
[SourceTitle "playchess.com"]
[Source "ChessBase"]
[SourceQuality "1"]
[TimeControl "5400+30"]

1. d4 Nf6 2. Nf3 g6 3. c4 c5 4. d5 b5 5. Qc2 b4 6. a3 bxa3 7. Rxa3 d6 8. e4 {[%emt 0:01:04] White is slightly better.} Nxe4 9. Qxe4 $18 {[%emt 0:01:54] Qf4 is the strong threat.} Bf5 {[%emt 0:00:12] [#]} 10. Qf4 Bxb1 {[%emt 0:00:46] [#]} 11. Ng5 $1 f6 12. Ne6 Qb6 (12... Qc8 $16) 13. Bd3 Bxd3 14. Rxd3 Qa5+ 15. Bd2 {[%emt 0:04:42][%mdl 1024] White has strong compensation.} Qa1+ 16. Bc1 Qa5+ 17. Rc3 {[%emt 0:01:57] Hoping for 0-0.} Na6 18. O-O $36 {[%emt 0:04:13][%mdl 2048] Strongly threatening Ra3. White is on the roll.} Nc7 19. Qe3 {[%emt 0:01:58] Threatens to win with Ra3. White is much more active.} Kf7 $2 (19... Nxe6 20. Qxe6 Rb8) 20. Ra3 Qb6 21. Rb3 Qa5 22. Bd2 Nxd5 23. cxd5 Qa4 24. Nc7 Rd8 25. Qe6+ Kg7 26. Rb7 {[%emt 0:00:30] Black must now prevent Nb5.} g5 27. Bc3 Kg6 28. f4 {[%emt 0:01:32] White threatens fxg5 and mate.} Qd7 29. fxg5 (29. f5+ $142 Kh6 30. Qf7 Qa4 31. Ne6 Qe4 32. Bxf6 Qe3+ 33. Kh1 exf6 34. Qxf6+ Kh5 35. Qxh8) 29... Kxg5 30. Qxd7 {[%emt 0:00:40] Weighted Error Value: White=0.22 (precise) /Black=0.99} (30. Qf7 $142 Qg4 31. Ne6+ Qxe6 32. Qxe6 Kh5 33. Qf5+ Kh6 34. Bd2+ Kg7 35. Qxf6+ Kg8 36. Qf7#) 1-0

[Event "32nd NATO Championship 2022"]
[Site "Tartu"]
[Date "2022.06.27"]
[Round "1.5"]
[White "Giedraitis, Mingaudas"]
[Black "Papasimakopoulos, Alexandros"]
[Result "0-1"]
[ECO "A46"]
[WhiteElo "1846"]
[BlackElo "2259"]
[Annotator "TA"]
[PlyCount "74"]
[EventDate "2022.06.27"]
[EventType "swiss"]
[EventCountry "EST"]
[SourceTitle "playchess.com"]
[Source "ChessBase"]
[SourceQuality "1"]
[TimeControl "5400+30"]

1. d4 Nf6 2. Bf4 e6 3. e3 c5 4. Nf3 Qb6 5. Na3 cxd4 6. exd4 {[%emt 0:00:30] A46: 1 d4 Nf6 2 Nf3 e6: Torre, London and Colle Systems.} ({Much weaker is} 6. Qxd4 Bc5 7. Qd1 (7. Qc3 $2 Bb4 $19) 7... Bxa3 8. bxa3 Nc6 $11) ({Better is} 6. Nb5 $1 $14 Na6 7. exd4 (7. Qxd4 Bc5 $14)) 6... Bxa3 $11 7. bxa3 Qa5+ 8. Bd2 {[%emt 0:00:30] The position is equal.} Qxa3 9. Bd3 {[%emt 0:00:30] [#]} b6 $146 ({Predecessor:} 9... Nc6 10. O-O O-O 11. c3 d5 12. Qc2 h6 13. Rab1 Qd6 14. Rfe1 Nd7 15. Re2 b6 {0-1 (32) Simet,M (2181)-Zwardon,V (2466) Chess.com INT 2021}) 10. O-O Ba6 $1 11. Ne5 (11. Bc1 $1 $15 Qa4 12. Bg5) 11... Bxd3 $17 12. Qf3 {[%emt 0:00:30][%mdl 64] [#] Pin} d5 13. Nxd3 (13. cxd3 $15 O-O 14. Rac1) 13... Nc6 $19 14. Qg3 {[%emt 0:00:30] [#]} O-O 15. Bh6 {[%emt 0:00:30][%csl Gh6][%cal Rg3g7] [#]} Ne8 16. c3 (16. Bc1 $142 Qa6 17. Bb2) 16... Ne7 17. Bd2 Nf5 18. Qf3 Nf6 {[%emt 0:00:30] aiming for ...Ne4.} 19. Rfc1 Ne4 20. Be1 Rfc8 $36 {[%emt 0:00:30][%cal Re4c3][%mdl 2048] Black is in control.} 21. Ne5 (21. Nf4 $17) 21... f6 22. Ng4 h5 23. Ne3 {[%emt 0:00:30] [#]} Nxd4 {[%emt 0:00:30][%mdl 512] Pair of Knights!} 24. Qxh5 Nxc3 25. Bxc3 Rxc3 26. Rxc3 Qxc3 27. Rd1 Nc6 28. g4 $2 (28. Qe2 {was called for.}) 28... Qe5 29. Qg6 (29. Qxe5 {was necessary.} fxe5 30. Rc1) 29... d4 30. Nc4 (30. Ng2 {is a better defense.}) 30... Qe2 {[%emt 0:00:30][%csl LRa2,LRc4,LRd1] Black is clearly winning.} 31. Rc1 (31. Qd3 $142 Qxg4+ 32. Kf1) 31... Ne7 32. Qh5 Rc8 {[%emt 0:00:30] Threatens to win with ...Nd5.} 33. Kg2 g6 34. Qb5 Qxg4+ 35. Kf1 Qh3+ 36. Kg1 Kf8 37. Re1 Rc5 {[%emt 0:00:30] Weighted Error Value: White=0.92/Black=0.30} 0-1

[Event "32nd NATO Championship 2022"]
[Site "Tartu"]
[Date "2022.06.27"]
[Round "1.11"]
[White "Forsythe, William Bradley"]
[Black "Bohn, Ulrich"]
[Result "0-1"]
[ECO "B06"]
[WhiteElo "1608"]
[BlackElo "2168"]
[Annotator "RC"]
[PlyCount "96"]
[EventDate "2022.06.27"]
[EventType "swiss"]
[EventCountry "EST"]
[SourceTitle "playchess.com"]
[Source "ChessBase"]
[SourceQuality "1"]
[TimeControl "5400+30"]

1. e4 g6 2. d4 Bg7 3. c3 d6 4. Bc4 Nf6 5. Qe2 O-O 6. Bg5 Nc6 7. Nf3 e5 8. dxe5 dxe5 9. Nbd2 Qe7 10. O-O h6 11. Bh4 g5 12. Bg3 Nh5 13. Bd5 Nd8 14. Ne1 Nf4 15. Bxf4 exf4 16. Nd3 Be6 17. Rfe1 Re8 18. Qf3 c6 19. Bxe6 Nxe6 20. Rad1 Rad8 21. Qe2 Nc5 22. Nxc5 Qxc5 23. Nb3 Qb5 24. Qxb5 cxb5 25. Rxd8 Rxd8 26. a3 Be5 27. f3 a5 28. Nxa5 Rd2 29. Rb1 Bc7 30. Nb3 Bb6+ 31. Kh1 Rf2 32. Nd4 h5 33. h3 Kg7 34. Kg1 Rd2 35. Kf1 Kf6 36. Re1 Ke5 37. Ne2 Rxb2 38. Rd1 Be3 39. Rd5+ Kf6 40. Ke1 Rb3 41. g3 Rb1+ 42. Rd1 Bf2+ 43. Kxf2 Rxd1 44. gxf4 Ra1 45. fxg5+ Kxg5 46. Kg3 h4+ 47. Kf2 Rxa3 48. f4+ Kg6 0-1

[Event "32nd NATO Championship 2022"]
[Site "Tartu"]
[Date "2022.06.27"]
[Round "1.47"]
[White "Jansen, Lyle John"]
[Black "Tammisto, Janek"]
[Result "0-1"]
[ECO "A01"]
[WhiteElo "1470"]
[BlackElo "1881"]
[Annotator "NA RC"]
[PlyCount "78"]
[EventDate "2022.06.27"]
[EventType "swiss"]
[EventCountry "EST"]
[SourceTitle "playchess.com"]
[Source "ChessBase"]
[SourceQuality "1"]
[TimeControl "5400+30"]

1. b3 Nf6 2. Bb2 g6 3. Bxf6 exf6 4. Nf3 Bg7 5. e3 b6 6. d3 Bb7 7. Be2 O-O 8. O-O f5 9. d4 c5 10. Nbd2 Nc6 11. Nc4 d5 12. Nce5 Qc7 13. Nxc6 Bxc6 14. Rb1 f4 15. exf4 Qxf4 16. dxc5 bxc5 17. a4 Rfe8 18. Bb5 Bxb5 19. axb5 d4 20. Re1 Qc7 21. Rxe8+ Rxe8 22. Qd3 Qa5 23. Qc4 Bf8 24. g3 Rb8 25. Ne5 Rb7 26. Qa4 Rxb5 27. Qxa5 Rxa5 28. Nc6 Ra2 29. Re1 Rxc2 30. Nxa7 Rb2 31. Re8 Rxb3 32. Nc6 Kg7 33. Na5 Rb4 34. Nc6 Rb2 35. Rd8 Rb7 36. f4 Rc7 37. Ne5 c4 38. Rxd4 Bc5 39. Nf3 c3 0-1

[Event "32nd NATO Championship 2022"]
[Site "Tartu"]
[Date "2022.06.28"]
[Round "2.1"]
[White "Stein, Robert"]
[Black "Tustanowski, Mateusz"]
[Result "1-0"]
[ECO "E68"]
[WhiteElo "2365"]
[BlackElo "2036"]
[Annotator "TA"]
[PlyCount "97"]
[EventDate "2022.06.27"]
[EventType "swiss"]
[EventCountry "EST"]
[SourceTitle "playchess.com"]
[Source "ChessBase"]
[SourceQuality "1"]
[TimeControl "5400+30"]

1. d4 Nf6 2. c4 g6 3. g3 Bg7 4. Bg2 d6 5. Nf3 O-O 6. O-O Nbd7 7. Nc3 e5 8. e4 exd4 9. Nxd4 Re8 10. Re1 Nc5 {[%emt 0:06:43] 10...Nc5 is better than 10...a6.} 11. Bf4 {[%emt 0:12:23] E68: King's Indian: Fianchetto: 6...Nbd7 7 0-0 e5 8 e4.} Ne6 12. Be3 {[%emt 0:05:57] [#]} Ng4 $146 ({Predecessor:} 12... Nxd4 13. Bxd4 Be6 14. b3 Nd7 15. f4 Bxd4+ 16. Qxd4 Qf6 17. e5 dxe5 18. fxe5 Qg7 19. Bxb7 {1-0 (46) Weetik,V (2423)-Miszler,L (2225) Chess.com INT 2021}) 13. Qxg4 {[%emt 0:00:58] The position is equal.} Nxd4 14. Qd1 c5 15. Qd2 Be6 16. Ne2 Nc6 17. Rac1 Ne5 18. b3 Bg4 19. Nc3 Nf3+ 20. Bxf3 Bxf3 21. Bh6 (21. Bg5 $5 Qa5 22. Re3 $16) 21... Qd7 {[%emt 0:02:18] ( -> ...Qh3)} 22. Qf4 Bxh6 23. Qxh6 {[%emt 0:00:04] Black must now prevent Nd5.} f5 $1 24. Nd5 $36 {[%emt 0:06:45][%mdl 2048] White is pushing.} Qf7 {[%emt 0:00:49] Against Nf6+} 25. exf5 {[%emt 0:03:08] White is more active.} Bxd5 26. fxg6 ({Of course not} 26. cxd5 $6 Qxf5 27. Qd2 b6 $11) 26... hxg6 27. cxd5 Rxe1+ (27... Rf8 $142) 28. Rxe1 $16 {[%emt 0:00:12] Strongly threatening Re6.} Re8 {[%emt 0:00:43] Prevents Re6.} 29. Rxe8+ Qxe8 {[%emt 0:00:03][%mdl 4096] Endgame KQ-KQ} 30. Qe3 {[%emt 0:01:15] Prevents Qe1+.} Qf7 31. Qd3 Qf6 32. a4 a6 $2 (32... Kg7 $16 {is a better defense.} 33. Qe4 b6) 33. h4 Kg7 34. Kg2 $1 Qe5 {[%emt 0:00:11] [#]} 35. f4 $2 (35. a5 $1 $18) 35... Qb2+ $1 $11 36. Kh3 {[%emt 0:00:04] a5 is the strong threat.} Qf2 $2 {[%emt 0:01:30][%mdl 8192] [#]} (36... b5 $11) 37. Kg4 (37. h5 $142 $1 gxh5 38. Qe4) 37... Qb2 $2 (37... Qe1 38. f5 gxf5+ 39. Qxf5 (39. Kxf5 b5 $16) 39... Qd1+ 40. Kg5 Qd2+ 41. Kg4 Qd1+ 42. Kg5 Qd2+ 43. Kh5 Qe2+ 44. Kg5 Qd2+) 38. a5 $18 Qa1 39. Qe2 Kh6 40. Qd2 Kg7 (40... Kh7 $142 41. Qd3 Kg7) 41. f5 gxf5+ 42. Kxf5 {[%emt 0:00:19] Hoping for Qg5+.} Qe5+ 43. Kg4 {[%emt 0:00:33] Threatens to win with Qg5+.} Qe4+ 44. Qf4 Qe2+ 45. Qf3 Qd2 46. Qe4 {[%emt 0:00:13] And now Qe7+ would win.} Qd1+ 47. Kg5 {[%emt 0:00:45] Qe7+ would kill now.} Qxb3 48. Qe7+ Kg8 49. Kh6 {[%emt 0:01:15] Weighted Error Value: White=0.33/Black=0.65} 1-0

[Event "32nd NATO Championship 2022"]
[Site "Tartu"]
[Date "2022.06.28"]
[Round "2.2"]
[White "Jacob, Tobias"]
[Black "Pedersen, Finn"]
[Result "0-1"]
[ECO "A11"]
[WhiteElo "2021"]
[BlackElo "2300"]
[Annotator "TA"]
[PlyCount "102"]
[EventDate "2022.06.27"]
[EventType "swiss"]
[EventCountry "EST"]
[SourceTitle "playchess.com"]
[Source "ChessBase"]
[SourceQuality "1"]
[TimeControl "5400+30"]

1. c4 c6 2. g3 d5 3. Bg2 Nf6 4. Nf3 Bf5 5. Qb3 Qb6 6. d3 e6 {[%emt 0:02:05] A11: English Opening: 1...c6.} 7. Be3 dxc4 8. Qxc4 Qb4+ {[%emt 0:02:41] [#] White is slightly better.} 9. Qxb4 $146 ({Predecessor:} 9. Nbd2 Nbd7 10. O-O h6 11. Qc2 Qa5 12. Nc4 Qa6 13. Bf4 c5 14. Nfe5 Be7 15. Nxd7 Nxd7 {1-0 (46) Sowul,B (2221)-Flak,P (2205) Jastrzebia Gora 2019}) 9... Bxb4+ 10. Nc3 Nbd7 11. O-O h6 12. a3 Be7 13. b4 a6 14. Nd4 Bh7 15. Nb3 Nd5 16. Nxd5 cxd5 17. Rac1 Bd6 18. Na5 b6 19. Rc6 bxa5 20. Rxd6 axb4 21. axb4 Ke7 22. Rc6 Rhc8 23. Rxc8 Rxc8 24. Ra1 Rc6 25. f4 Kd6 26. Kf2 f6 27. Ra5 g5 28. g4 Bg8 29. Kg3 e5 30. fxe5+ Nxe5 31. Bc5+ {[%emt 0:01:01] This bishop pair is nice.} Kc7 32. Bf8 Rc2 33. Bf3 ({But not} 33. Bxh6 $6 Rxe2 34. h3 Nxd3 $11) 33... Kb6 34. Bc5+ ({White should play} 34. Bxh6 $16 Nd7 35. Bxd5 Bxd5 36. Rxd5) 34... Kb7 $14 35. Be7 Nc6 36. Rc5 Nxb4 37. Rxc2 Nxc2 38. Bxf6 {[%emt 0:00:13][%mdl 4096] Endgame KBB-KBN} a5 39. e4 Kc6 (39... d4 $1 $11) 40. Bg7 $16 d4 41. Bd1 (41. Bxh6 $16 a4 42. Bxg5 (42. e5+ Kb5 $11)) 41... Bb3 $1 $11 42. Bxh6 a4 43. Bg7 ({Avoid the trap} 43. Bxg5 $2 Ne3 44. h4 Nxd1 $19) 43... Kc5 {[%emt 0:01:06] Hoping for ...Nb4.} 44. Bf8+ Kb5 {[%emt 0:00:08] ...Nb4 is the strong threat.} 45. h4 $2 {[%emt 0:00:58][%mdl 8192] [#]} (45. Bg7 $11) 45... gxh4+ $1 $19 46. Kxh4 Nb4 47. Bg7 Nc6 48. e5 Bxd1 49. e6 Bb3 50. e7 Bf7 {[%emt 0:00:09] [#] ( -> ...a3)} 51. Kg5 a3 {[%emt 0:00:13] Black used his chance.  Weighted Error Value: White=0.70/Black=0.08 (flawless)} 0-1

[Event "32nd NATO Championship 2022"]
[Site "Tartu"]
[Date "2022.06.28"]
[Round "2.3"]
[White "Pavlidis, Anastasios"]
[Black "Hernandez, Albert"]
[Result "1-0"]
[ECO "E69"]
[WhiteElo "2296"]
[BlackElo "2229"]
[Annotator "TA"]
[PlyCount "41"]
[EventDate "2022.06.27"]
[EventType "swiss"]
[EventCountry "EST"]
[SourceTitle "playchess.com"]
[Source "ChessBase"]
[SourceQuality "1"]
[TimeControl "5400+30"]

1. d4 Nf6 2. c4 g6 3. Nf3 Bg7 4. g3 O-O 5. Bg2 d6 6. O-O Nbd7 7. Nc3 e5 8. e4 c6 9. h3 Qc7 10. Be3 Re8 11. Qc2 Nf8 12. Rfd1 {[%emt 0:02:43] White is more active. E69: King's Indian: Fianchetto: 6...Nbd7 7 0-0 e5 8 e4 c6 9 h3.} Bd7 13. c5 {[%emt 0:04:33] [#] Threatens to win with cxd6.} dxc5 $146 (13... exd4 $16 {was necessary.} 14. cxd6 (14. Bxd4 dxc5 15. Bxc5 Rad8 $14) 14... Qc8 15. Bxd4 (15. Rxd4 Bxh3 16. Re1 b5 $14) 15... Bxh3) ({Predecessor:} 13... Qc8 14. dxe5 dxe5 15. Kh2 Qc7 16. Rd2 Be6 17. Rad1 N6d7 18. Ng5 Rad8 19. Ne2 h6 20. Nxe6 Nxe6 {1-0 (40) Caselas Cabanas,J (2350)-Andrade Ocana,J Loures 1996}) 14. dxe5 $18 {[%emt 0:02:26] White is clearly better.} Nh5 15. g4 ({Much less strong is} 15. Bxc5 Bh6 16. b3 Qc8) 15... Bxe5 (15... Qc8 $142 16. Ne2 b6 17. gxh5 Bxh3) 16. gxh5 Qc8 17. hxg6 {[%emt 0:09:14] White is clearly winning.} Nxg6 (17... hxg6 $142 18. Nxe5 Rxe5) 18. Nxe5 Rxe5 19. f4 Bxh3 20. fxe5 Nh4 21. Bg5 {[%emt 0:04:03] Black got outplayed after the opening.  Weighted Error Value: White=0.11 (very precise) /Black=0.86} 1-0